 Dungeon Crawl Stone Soup version 0.13-a0-2995-g9a84c3d (webtiles) character file.

270 Gabry the Shield-Bearer (level 5, -4/46 HPs)
             Began as a Minotaur Fighter on Sept 8, 2013.
             Slain by Sigmund
             ... wielding a +0,+0 scythe
              (12 damage)
             ... on Level 2 of the Dungeon.
             The game lasted 00:06:14 (2238 turns).

Gabry the Shield-Bearer (Minotaur Fighter)          Turns: 2238, Time: 00:06:14

HP  -4/46        AC  6     Str 20      XL: 5   Next: 23%
MP   1/1         EV  8     Int  5      God:
Gold 103         SH 19     Dex 11      Spells:  0 memorised,  4 levels left

Res.Fire  : . . .   See Invis. : .   o - +0 mace
Res.Cold  : . . .   Warding    : .   l - +0 elf ring mail
Life Prot.: . . .   Conserve   : .   c - +0 shield
Res.Poison: .       Res.Corr.  : .   (helmet restricted)
Res.Elec. : .       Clarity    : .   (no cloak)
Sust.Abil.: . .     Spirit.Shd : .   (no gloves)
Res.Mut.  : .       Stasis     : .   (no boots)
Res.Rott. : .       Flight     : .   (no amulet)
Saprovore : . . .                    (no ring)
                                     (no ring)

@: slightly resistant to hostile enchantments, extremely unstealthy
A: retaliatory headbutt, horns 2
a: no special abilities


You were on level 2 of the Dungeon.
You were not hungry.

You visited 1 branch of the dungeon, and saw 2 of its levels.

You collected 83 gold pieces.

Inventory:

Hand weapons
 f - a +0,+0 dagger (quivered)
 o - a +0,+0 mace (weapon)
Armour
 c - a +0 shield (worn)
 l - a +0 elven ring mail (worn)
 r - a +1 robe of resistance
Comestibles
 d - 2 bread rations
 n - a meat ration
Scrolls
 a - a scroll of magic mapping {unknown}
 b - 2 scrolls of teleportation {unknown}
 g - 6 scrolls of identify {unknown}
 h - a scroll of blinking {unknown}
 k - a scroll of fear {unknown}
 m - a scroll of curse jewellery {unknown}
 p - a scroll of remove curse {unknown}
 q - a scroll of amnesia {unknown}
Potions
 e - a potion of cure mutation {unknown}
 i - 2 potions of restore abilities {unknown}
 j - 2 potions of curing {unknown}
 s - a potion of brilliance {unknown}


   Skills:
 + Level 4.3 Fighting
 + Level 3.5 Maces & Flails
 + Level 4.6 Armour
 + Level 2.1 Dodging
 + Level 4.7 Shields


You had 4 spell levels left.
You didn't know any spells.

Dungeon Overview and Level Annotations

Branches:
Dungeon (2/27)

Altars:
Fedhas

Annotations:
D:2 exclusion: oklob plant, Sigmund


Innate Abilities, Weirdness & Mutations

You reflexively headbutt those who attack you in melee.
You have a pair of horns on your head.


Message History

The puff of frost hits you!
You hit it. It hits you!
You closely miss it.
You hear a zap.
You block the puff of frost.
You closely miss it. You headbutt it. It hits you.
You miss it. Your headbutt misses it.
You hear some strange, mumbled words.
The magic dart hits you!
You closely miss it.
You hear some strange, mumbled words.
The puff of flame hits you!
* * * LOW HITPOINT WARNING * * *
You barely miss it.
You hear a zap.
The puff of frost hits you!
* * * LOW HITPOINT WARNING * * *
You hit it. It hits you but does no damage.
You hit it but do no damage. It hits you!
You die... f.#PP# PP#######.### #. #Pff#.P

P.#.........# #.
######## ###.........#
#. ##.........# #%
...$.....<.# ###.
#.........# #.%.
#.........#########.#.
#.........##..........
#....@.....%.########.
#.........#### #.
########### #. #. #.
#. ##


There were no monsters in sight!

Vanquished Creatures
  2 big fish (D:2)
  6 adders (D:2)
  A giant mite (D:2)
  An inept feature mimic (D:2)
  A worm (D:2)
  7 goblins
  3 jackals (D:1)
  6 kobolds
  2 bats (D:1)
  5 giant newts
  9 rats
  2 fungi (D:2)
  A toadstool (D:2)
46 creatures vanquished.

Vanquished Creatures (others)
  15 toadstools (D:2)
15 creatures vanquished.

Grand Total: 61 creatures vanquished

Notes
Turn   | Place    | Note
--------------------------------------------------------------
     0 | D:1      | Gabry, the Minotaur Fighter, began the quest for the Orb.
     0 | D:1      | Reached XP level 1. HP: 19/19 MP: 0/0
   246 | D:1      | Reached skill level 4 in Shields
   368 | D:1      | Reached XP level 2. HP: 26/26 MP: 0/0
   615 | D:2      | Found a blossoming altar of Fedhas.
   917 | D:2      | Reached XP level 3. HP: 14/33 MP: 1/1
  1158 | D:2      | Reached skill level 1 in Dodging
  1158 | D:2      | Reached XP level 4. HP: 31/40 MP: 1/1
  1187 | D:2      | Noticed an oklob plant
  1598 | D:2      | Reached XP level 5. HP: 43/46 MP: 1/1
  1809 | D:2      | Noticed Sigmund
  2238 | D:2      | Slain by Sigmund

Action                   |  1- 3 |  4- 6 || total
-------------------------+-------+-------++-------
Melee: Mace              |    69 |    83 ||   152
